 Dungeon Crawl Stone Soup version 0.29-a0-512-gf59ac78 (webtiles) character file.

Game seed: 3577570209366337593

2152 Toastz the Basher (level 9, -1/70 HPs)
             Began as a Demonspawn Gladiator on May 29, 2022.
             Was a Follower of Nemelex Xobeh.
             Shot with a sling bullet by Joseph (2 damage)
             ... on level 7 of the Dungeon.
             The game lasted 00:16:02 (6701 turns).

Toastz the Basher (Demonspawn Gladiator)            Turns: 6701, Time: 00:16:02

Health: -1/70      AC:  5    Str: 31    XL:     9   Next: 10%
Magic:  9/9        EV: 12    Int:  9    God:    Nemelex Xobeh [*.....]
Gold:   465        SH:  5    Dex: 15    Spells: 8/8 levels left

rFire   + . .      SeeInvis .   b - +2 morningstar
rCold   . . .      Faith    .   H - +0 buckler
rNeg    . . .      Spirit   .   q - +1 scale mail {rF+}
rPois   .          Reflect  .   c - +0 helmet
rElec   .          Harm     .   x - +0 cloak
rCorr   .          Rampage  .   (no gloves)
Will    .....                   (boots unavailable)
Stlth   +.........              r - amulet of magic regeneration
HPRegen 0.21/turn               G - +6 ring of strength
MPRegen 0.51/turn               F - +6 ring of strength

@: about to teleport, corroded
A: hooves 3, spiny 2, sturdy frame 2
a: Renounce Religion, Draw Escape, Draw Destruction, Draw Summoning


You were on level 7 of the Dungeon.
You worshipped Nemelex Xobeh.
Nemelex Xobeh was aware of your devotion.
You visited 2 branches of the dungeon, and saw 8 of its levels.

You collected 465 gold pieces.

Inventory:

Hand Weapons
 a - a +2 hunting sling of flaming
 b - a +2 morningstar (weapon)
Missiles
 d - 3 throwing nets
 e - 4 javelins
 i - 160 stones (quivered)
 n - 14 poisoned darts
 E - 5 silver boomerangs
Armour
 c - a +0 helmet (worn)
 m - a +0 kite shield
 p - a +0 ring mail
 q - a +1 scale mail of fire resistance (worn)
 s - a +0 tower shield
 x - a +0 cloak (worn)
 H - a +0 buckler (worn)
Jewellery
 r - an amulet of magic regeneration (around neck)
 F - a +6 ring of strength (right hand)
 G - a +6 ring of strength (left hand)
 K - the ring "Pubron" {Int+6 Dex+4}
   (You found it on level 7 of the Dungeon)

   [ring of intelligence]

   Int:       It affects your intelligence (+6).
   Dex:       It affects your dexterity (+4).
Wands
 h - a wand of acid (1)
Scrolls
 g - 7 scrolls of teleportation
 j - 2 scrolls of blinking {unknown}
 l - 3 scrolls of vulnerability
 t - a scroll of immolation
 y - a scroll of enchant weapon
 z - a scroll of noise {unknown}
 A - 2 scrolls of poison {unknown}
 B - 2 scrolls of fear {unknown}
 C - a scroll of torment {unknown}
 I - a scroll of identify
Potions
 f - 6 potions of curing
 k - 2 potions of magic
 o - 3 potions of haste {unknown}
 u - a potion of flight {unknown}
 v - 3 potions of attraction
 w - 2 potions of lignification {unknown}
 D - 2 potions of mutation {unknown}
 J - 3 potions of resistance {unknown}


   Skills:
 + Level 6.3 Fighting
 * Level 8.5 Maces & Flails
 - Level 1.7 Throwing
 - Level 2.6 Dodging
 - Level 5.0 Shields


You had 8 spell levels left.
You didn't know any spells.
Your spell library contained the following spells:

 Spells                   Type           Power      Damage    Failure   Level
 Foxfire                  Conj/Fire      0%         2x1d4     56%         1
 Conjure Flame            Conj/Fire      0%         6-21      90%         3
 Gell's Gravitas          Tloc           0%         N/A       90%         3
 Inner Flame              Hex/Fire       0%         N/A       90%         3
 Lesser Beckoning         Tloc           0%         N/A       90%         3
 Teleport Other           Tloc           0%         N/A       90%         3
 Flame Wave               Conj/Fire      0%         2d4       100%        4
 Dispersal                Tloc           0%         N/A       100%        6


Dungeon Overview and Level Annotations

Branches:
Dungeon (7/15)             Temple (1/1) D:4

Altars:
Ashenzari
Cheibriados
Dithmenos
Elyvilon
Fedhas
Gozag
Hepliaklqana
Kikubaaqudgha
Makhleb
Nemelex Xobeh
Okawaru
Qazlal
Ru
Sif Muna
Trog
Uskayaw
Vehumet
Wu Jian
Xom
Yredelemnul
Zin
The Shining One

Annotations:
D:7 Joseph


Innate Abilities, Weirdness & Mutations

You have hooves in place of feet.
You are mostly covered in sharp spines.
Your movements are less encumbered by armour. (ER -4)


Message History

There is an open door here.
A shadow imp comes into view.
Found 3 poisoned darts.
The shadow imp shouts!
A shadow imp is nearby!
Okay, then.
The shadow imp is struck by your spines.
The shadow imp misses you.
You hit the shadow imp.
You kill the shadow imp!
No target in view!
K - the ring "Pubron" {Int+6 Dex+4}
n - 14 poisoned darts (gained 3) Joseph, a Mercenary comes into view.
He is wielding a +0 quarterstaff and carrying a wand of acid (5).
Joseph unwields a +0 quarterstaff.
Joseph wields a +1 hunting sling of freezing.
It is covered in frost.
Joseph shoots a sling bullet.
The sling bullet hits you! The sling bullet freezes you.
Aiming: Corrosive Bolt
Press: ? - help, Shift-Dir - straight line
Okay, then.
Joseph zaps a wand.
The bolt of acid hits you!!!
Ouch! That really hurt!
* * * LOW HITPOINT WARNING * * *
The acid corrodes you!
Okay, then.
Okay, then.
Okay, then.
You feel better.
Joseph shoots a sling bullet.
You block the sling bullet.
Joseph shoots a sling bullet.
The sling bullet hits you.
* * * LOW HITPOINT WARNING * * *
The sling bullet freezes you.
* * * LOW HITPOINT WARNING * * *
As you read the scroll of teleportation, it crumbles to dust.
You feel strangely unstable.
Joseph shoots a sling bullet.
The sling bullet hits you!
* * * LOW HITPOINT WARNING * * *
The sling bullet freezes you.
You die...
Your body disappears without a glow.

##########
#....!!..#
#####.##..@...#
#...@....###@..
###.###.#### .
##.#.# #.#
##....# #..
##.....######
#.......#
##.....##
##...## ##.##
#.


You could see Joseph.

Vanquished Creatures
  Prince Ribbit (D:5)
  Grinder (D:5)
  Eustachio (D:5)
  Menkaure (D:5)
  A black bear (D:5)
  2 centaurs (D:7)
  2 ogres
  2 phantoms
  A necrophage (D:7)
  A scorpion (D:5)
  A gnoll sergeant (D:5)
  4 killer bees (D:6)
  A hound (D:6)
  4 jellies
  An orc priest (D:6)
  Jessica (D:3)
  An iguana (D:6)
  Crazy Yiuf (D:2)
  4 orc wizards
  7 gnolls
  7 adders
  3 shadow imps
  A white imp (D:4)
  4 ufetubi
  A worm (D:2)
  A dart slug (D:1)
  15 orcs
  8 ball pythons
  7 bats
  7 endoplasms
  4 giant cockroaches
  7 goblins
  5 hobgoblins
  3 jackals
  7 quokkas
  7 frilled lizards
  6 kobolds
  7 rats
138 creatures vanquished.

Notes
Turn   | Place    | Note
-------+----------+-------------------------------------------
     0 | D:1      | Toastz the Demonspawn Gladiator began the quest for the
                  | Orb.
     0 | D:1      | Reached XP level 1. HP: 16/16 MP: 1/1
    33 | D:1      | You fall into a shaft and drop 1 floor!
    82 | D:2      | Reached skill level 3 in Maces & Flails
    82 | D:2      | Gained mutation: You have large cloven feet. [demonic
                  | ancestry]
    82 | D:2      | Reached XP level 2. HP: 16/22 MP: 2/2
   448 | D:1      | Gained mutation: Your movements are slightly less
                  | encumbered by armour. (ER -2) [demonic ancestry]
   448 | D:1      | Reached XP level 3. HP: 28/28 MP: 3/3
   545 | D:1      | Found a faded altar of an unknown god.
  1228 | D:2      | Found a runed translucent door.
  1229 | D:2      | Noticed Crazy Yiuf
  1274 | D:2      | Reached skill level 1 in Shields
  1308 | D:2      | Gained mutation: Your movements are less encumbered by
                  | armour. (ER -4) [demonic ancestry]
  1308 | D:2      | Reached XP level 4. HP: 34/34 MP: 4/4
  1617 | D:2      | Killed Crazy Yiuf
  1666 | D:3      | Reached skill level 4 in Maces & Flails
  1768 | D:3      | Noticed a phantom
  1793 | D:3      | Killed a phantom
  1794 | D:3      | Gained mutation: You have hoof-like feet. [demonic
                  | ancestry]
  1794 | D:3      | Reached XP level 5. HP: 17/41 MP: 5/5
  2392 | D:3      | Noticed Jessica
  2395 | D:3      | Killed Jessica
  2993 | D:4      | Found a staircase to the Ecumenical Temple.
  3007 | Temple   | Entered the Ecumenical Temple
  3216 | Temple   | Became a worshipper of Nemelex Xobeh the Trickster
  3297 | D:4      | Gained mutation: You are partially covered in sharp spines.
                  | [demonic ancestry]
  3297 | D:4      | Reached XP level 6. HP: 47/47 MP: 6/6
  3734 | D:4      | Found a shimmering blue altar of Sif Muna.
  3811 | D:5      | Entered Level 5 of the Dungeon
  3928 | D:5      | Reached skill level 5 in Maces & Flails
  3949 | D:5      | Noticed Eustachio
  4379 | D:5      | Killed Eustachio
  4380 | D:5      | Gained mutation: You are mostly covered in sharp spines.
                  | [demonic ancestry]
  4380 | D:5      | Reached XP level 7. HP: 30/54 MP: 7/7
  4559 | D:5      | Noticed Prince Ribbit
  4567 | D:5      | Killed Prince Ribbit
  4623 | D:5      | Noticed Grinder
  4634 | D:5      | Paralysed by Grinder for 4 turns
  4640 | D:5      | Killed Grinder
  4641 | D:5      | Reached skill level 6 in Maces & Flails
  4641 | D:5      | Reached XP level 8. HP: 52/61 MP: 8/8
  4700 | D:5      | Reached skill level 5 in Shields
  4769 | D:5      | Noticed Menkaure
  4776 | D:5      | Killed Menkaure
  4777 | D:5      | Reached skill level 5 in Fighting
  4975 | D:5      | Reached skill level 7 in Maces & Flails
  5236 | D:6      | Reached * piety under Nemelex Xobeh
  5793 | D:6      | Reached skill level 8 in Maces & Flails
  6058 | D:7      | Gained mutation: You have hooves in place of feet. [demonic
                  | ancestry]
  6058 | D:7      | Reached XP level 9. HP: 69/69 MP: 9/9
  6683 | D:7      | Identified the ring "Pubron" {Int+6 Dex+4}
  6695 | D:7      | Noticed Joseph
  6701 | D:7      | HP: 1/70 [Joseph/sling bullet (13)]
  6701 | D:7      | Shot with a sling bullet by Joseph

Illustrated notes

Levels and vault maps discovered:
D:1:      shiori_shiawase, layout_rooms, hellmonk_ecumenical_altar_lost_god,
          hex_medium, minmay_tall_x
D:2:      layout_basic, uniq_crazy_yiuf_cottage
D:3:      layout_basic, minmay_bisected, uniq_jessica
D:4:      wander_river, layout_basic, nicolae_sif_muna_little_library,
          minmay_temple_entry_glass
D:5:      layout_rooms, uniq_eustachio, uniq_grinder, uniq_prince_ribbit1,
          uniq_menkaure
D:6:      layout_loops_ring
D:7:      layout_loops_corners, minmay_crossroads, uniq_joseph
Temple:   mainiacjoe_temple_starburst

Skill      XL: |  1  2  3  4  5  6  7  8 |
---------------+-------------------------+-----
Maces & Flails | 3 4 5 6 8 |  8.5
Shields        | 1 2 4 5 |  5.0
Fighting       | 3 4 6 |  6.3
Throwing       | |  1.7
Dodging        | |  2.6

Action                   |  1- 3 |  4- 6 |  7- 9 || total
-------------------------+-------+-------+-------++-------
Melee: Flail             |    92 |     7 |       ||    99
       Kick              |    12 |    44 |    20 ||    76
       Morningstar       |       |   134 |    71 ||   205
 Fire: Hunting sling     |       |     7 |       ||     7
Throw: Boomerang         |    20 |    21 |     8 ||    49
       Stone             |     5 |     2 |    26 ||    33
       Javelin           |       |       |     3 ||     3
Evoke: Wand              |       |     3 |     1 ||     4
  Use: Scroll            |     5 |     4 |     3 ||    12
       Potion            |       |       |     1 ||     1
Armor: Leather armour    |     9 |       |       ||     9
       Scale mail        |    20 |    54 |    23 ||    97
       Ring mail         |     4 |       |       ||     4
Dodge: Dodged            |    55 |    74 |    43 ||   172
Block: Kite shield       |    27 |    62 |       ||    89
       Buckler           |       |    12 |    18 ||    30

Table legend: (Time is in decaauts)
 A = Elapsed time spent in this place.
 B = Non-inter-level travel time spent in this place.
 C = Inter-level travel time spent in this place.
 D = Time resting spent in this place.
 E = Time spent auto-exploring this place.
 F = Levels seen in this place.
 G = Mean time per level.
                   A        B        C        D        E       F      G
               +--------+--------+--------+--------+--------+-----+--------+
         Total |   6837 |   6540 |    297 |    673 |   4575 |   8 |  854.6 |
       Dungeon |   6575 |   6341 |    234 |    673 |   4402 |   7 |  939.3 |
        Temple |    261 |    198 |     63 |      0 |    173 |   1 |  261.0 |
               +--------+--------+--------+--------+--------+-----+--------+

Top non-repeatable levels by time:
     D:5: 1278 daAuts
     D:3: 1167 daAuts
     D:2: 924 daAuts
     D:4: 860 daAuts
     D:7: 840 daAuts
     D:1: 758 daAuts
     D:6: 744 daAuts
  Temple: 261 daAuts
